cohdb
Replays
Latest Replays
All Replays
Popular Replays
Top Player Replays
Match Explorer
How It Works
Community
CoH3 Stats
Reddit
Sign in to upload your games and track your stats! →
Sign in with Steam
Match 43182502
Unlisted
Match 43182502
Overview
Messages
Build Orders
End
Construct Barracks
Selects Advanced Infantry Battlegroup
Engineer Squad
Riflemen Squad
Riflemen Squad
Riflemen Squad
Selects Convert to Ranger Squad
Construct Weapon Support Center
Mortar Pit
M1919 Machine Gun Team
Infantry Support Center
Grenade Package
Advanced Logistics
Selects Frontline Medical Station
Frontline Medical Station
Selects Artillery Observers
Mortar Pit
Construct Motor Pool
M1 Anti-tank Gun Team
Survival Training
Selects Infantry Assault
Infantry Assault
Engineer Squad
Selects M2A1 105mm Howitzer Emplacement
Infantry Assault
M1 Anti-tank Gun Team
Selects Free Fire Drills
Engineer Squad
Engineer Squad
FullMetalDesa
mRk
嘉平零贰
Captain Conan ✠ ✠
Papa Shango
Husar
0
0
Comments
sign in to comment!
No comments posted yet!